 Dungeon Crawl Stone Soup version 0.21.1-1-g345015f (webtiles) character file.

426 Mgcat the Ruffian (level 6, -3/54 HPs)
             Began as a Troll Transmuter on Feb 6, 2018.
             Was an Initiate of Cheibriados.
             Slain by an orc wizard
             ... wielding a cursed -2 dagger
              (4 damage)
             ... on level 4 of the Dungeon.
             The game lasted 00:06:27 (2371 turns).

Mgcat the Ruffian (Troll Transmuter)                Turns: 2371, Time: 00:06:28

Health: -3/54      AC:  6    Str: 20    XL:     6   Next: 64%
Magic:  8/8        EV: 10    Int: 17    God:    Cheibriados [......]
Gold:   99         SH:  0    Dex: 11    Spells: 3/9 levels left

rFire    . . .     SeeInvis .     - Unarmed
rCold    . . .     Gourm    +   (no shield)
rNeg     . . .     Faith    .   b - +0 robe
rPois    .         Spirit   .   j - +1 hat
rElec    .         Reflect  .   (no cloak)
rCorr    .         Harm     .   (gloves unavailable)
MR       .....                  (boots unavailable)
Stlth    +.........             (no amulet)
HPRegen  0.58/turn              (no ring)
MPRegen  0.11/turn              (no ring)

@: brilliant, slowed, very slow
A: large, unfitting armour, claws 3, fast metabolism 3, gourmand, regeneration
1, shaggy fur 1, tough skin 2
a: Bend Time, Renounce Religion


You were on level 4 of the Dungeon.
You worshipped Cheibriados.
Cheibriados was noncommittal.
You were not hungry.

You visited 1 branch of the dungeon, and saw 4 of its levels.

You collected 99 gold pieces.

Inventory:

Missiles
 a - 32 arrows
 l - 4 poisoned tomahawks (quivered)
Armour
 b - a +0 robe (worn)
 j - a +1 hat (worn)
   (You found it on level 3 of the Dungeon)
Scrolls
 e - a scroll of remove curse {unknown}
 f - a scroll of blinking {unknown}
 h - 2 scrolls of identify {unknown}
Potions
 g - a potion of brilliance
 i - a potion of might {unknown}
 k - a potion of curing {unknown}
 m - a potion of magic {unknown}
Books
 c - a book of Changes
Comestibles
 d - 5 rations


   Skills:
 - Level 0.7 Fighting
 - Level 1.5 Dodging
 + Level 5.0 Unarmed Combat
 + Level 2.4 Spellcasting
 + Level 3.3 Transmutations
 + Level 1.0 Poison Magic


You had 3 spell levels left.
You knew the following spells:

 Your Spells              Type           Power        Failure   Level  Hunger
a - Beastly Appendage     Tmut           ###...       1%          1    #......
b - Sticks to Snakes      Tmut           ###.....     1%          2    ##.....
c - Spider Form           Tmut/Pois      ###.......   2%          3    ###....


Dungeon Overview and Level Annotations

Branches:
Dungeon (4/15)
 Temple: D:4-7

Altars:
Cheibriados
Elyvilon
Fedhas
Makhleb
Qazlal
Trog
Vehumet
Xom


Innate Abilities, Weirdness & Mutations

You are too large for most types of armour.
You have claws for hands.
Your metabolism is lightning-fast.
You like to eat raw meat.
Your natural rate of healing is unusually fast.
You are covered in fur. (AC +1)
You have very tough skin. (AC +2)


Message History

The hound bites you but does no damage.
The orc wizard moves out of view.
The hound bites you but does no damage.
You barely miss the hound.
The orc wizard gestures at you while chanting.
The magic dart hits you! The hound bites you.
A hound comes into view.
You closely miss the hound. The hound bites you.
The hound pauses to sniff the ground.
The hound closely misses you.
You scratch the hound.
The hound is lightly wounded.
The orc wizard casts a spell.
The orc wizard blinks!
The hound bites you.
You miss the hound.
The hound is lightly wounded.
The hound bites you but does no damage. The orc wizard barely misses you.
You closely miss the hound.
The hound is lightly wounded.
The hound barely misses you.
The orc wizard gestures at you while chanting.
The magic dart hits you!
The orc wizard gestures at you while chanting.
The magic dart hits you! The hound bites you but does no damage.
You don't have the energy to cast that spell.
Unknown command.
You eat one of the 6 rations.
That ration really hit the spot!
The hound bites you.
The orc wizard hits you but does no damage.
The orc wizard barely misses you.
Unknown command.
Unknown command.
You barely miss the orc wizard. The hound bites you.
The orc wizard points at you and mumbles some strange words.
You feel yourself slow down. The hound bites you but does no damage.
The orc wizard hits you with a dagger.
Unknown command.
Unknown command.
You scratch the orc wizard.
The orc wizard is moderately wounded.
The hound bites you but does no damage.
The orc wizard gestures at you while chanting.
You resist with some effort. The orc wizard casts a spell at you.
You resist with some effort. The hound bites you.
Unknown command.
Unknown command.
Unknown command.
You scratch the orc wizard.
The orc wizard is heavily wounded.
The hound closely misses you.
The orc wizard casts a spell.
The orc wizard seems to speed up.
The frilled lizard bites you.
* * * LOW HITPOINT WARNING * * *
The orc wizard hits you but does no damage.
The hound bites you but does no damage. The orc wizard hits you with a dagger.
* * * LOW HITPOINT WARNING * * *
Unknown command.
Unknown command.
Unknown command.
Okay, then.
Unknown command.
It was a potion of brilliance.
You feel clever all of a sudden. The hound bites you but does no damage.
The orc wizard closely misses you.
The orc wizard gestures wildly while chanting.
The orc wizard blinks!
The frilled lizard bites you.
* * * LOW HITPOINT WARNING * * *
The orc wizard gestures wildly while chanting.
The orc wizard flickers and vanishes!
Deactivating autopickup; reactivate with Ctrl-A.
The hound barely misses you.
The orc wizard hits you but does no damage.
The frilled lizard bites you.
* * * LOW HITPOINT WARNING * * *
Unknown command.
Unknown command.
You closely miss the orc wizard.
The orc wizard is heavily wounded.
The hound bites you.
* * * LOW HITPOINT WARNING * * *
The orc wizard barely misses you.
The orc wizard gestures wildly while chanting.
The orc wizard blinks!
The frilled lizard bites you but does no damage.
The hound closely misses you.
The orc wizard hits you but does no damage.
Unknown command.
Unknown command.
Unknown command.
You barely miss the orc wizard.
The orc wizard is heavily wounded.
The hound bites you but does no damage.
The orc wizard hits you but does no damage.
Something hits you.
* * * LOW HITPOINT WARNING * * *
The frilled lizard unfolds its giant frill.
The frilled lizard bites you.
* * * LOW HITPOINT WARNING * * *
The orc wizard hits you with a dagger.
You die...

... ......
...... .....
####.#.#
.o.... #h#.###
#@lh..#
#o{o..# #
#.....# #.
#.....+ ##
#.##.....# ...
#⌠...#.###
....#####..#.#
......#......#
###+#######
#...#...#..#
#..........


You could see 2 hounds, 2 orc wizards, an orc and a frilled lizard.

Vanquished Creatures
  A crimson imp (D:3)
  4 orc priests (D:3)
  4 orc wizards (D:3)
  Terence (D:2)
  Robin (D:2)
  2 adders (D:2)
  An ooze (D:3)
  A dart slug (D:1)
  2 leopard geckos (D:1)
  13 orcs
  2 giant cockroaches (D:1)
  13 goblins
  8 hobgoblins
  4 jackals (D:1)
  3 quokkas
  12 bats
  5 frilled lizards
  9 kobolds
  12 rats
98 creatures vanquished.

Notes
Turn   | Place    | Note
-------+----------+-------------------------------------------
     0 | D:1      | Mgcat the Troll Transmuter began the quest for the Orb.
     0 | D:1      | Reached XP level 1. HP: 18/18 MP: 1/1
    45 | D:1      | Reached XP level 2. HP: 19/26 MP: 2/2
   109 | D:1      | Reached skill level 2 in Transmutations
   359 | D:1      | Reached XP level 3. HP: 32/32 MP: 3/3
   777 | D:2      | Learned a level 2 spell: Sticks to Snakes
   850 | D:2      | Found a burning altar of Makhleb.
   855 | D:2      | Found a shimmering altar of Xom.
   885 | D:2      | Noticed Robin
   906 | D:2      | Killed Robin
   906 | D:2      | Reached skill level 4 in Unarmed Combat
   906 | D:2      | Reached XP level 4. HP: 31/40 MP: 5/5
  1260 | D:2      | Found a stormy altar of Qazlal.
  1273 | D:2      | Noticed Terence
  1281 | D:2      | Killed Terence
  1375 | D:3      | Reached XP level 5. HP: 37/46 MP: 6/6
  1413 | D:3      | Reached skill level 2 in Spellcasting
  1413 | D:3      | Reached skill level 3 in Transmutations
  1424 | D:3      | Learned a level 3 spell: Spider Form
  1526 | D:3      | Reached XP level 6. HP: 51/54 MP: 8/8
  1768 | D:3      | Found a bloodstained altar of Trog.
  1835 | D:3      | Reached skill level 5 in Unarmed Combat
  1835 | D:3      | Reached skill level 1 in Poison Magic
  2338 | D:4      | Found a white marble altar of Elyvilon.
  2338 | D:4      | Found a radiant altar of Vehumet.
  2338 | D:4      | Found a snail-covered altar of Cheibriados.
  2344 | D:4      | Found a blossoming altar of Fedhas.
  2349 | D:4      | Became a worshipper of Cheibriados the Contemplative
  2369 | D:4      | HP: 13/54 [frilled lizard (2)]
  2370 | D:4      | HP: 6/54 [hound (6)]
  2371 | D:4      | HP: 1/54 [frilled lizard (2)]
  2371 | D:4      | Slain by an orc wizard

Skill      XL: |  1  2  3  4  5  6 |
---------------+-------------------+-----
Transmutations | 2 3 |  3.3
Unarmed Combat | 4 5 |  5.0
Spellcasting   | 2 |  2.4
Poison Magic   | 1 |  1.0
Fighting       | |  0.7
Dodging        | |  1.5

Action                   |  1- 3 |  4- 6 || total
-------------------------+-------+-------++-------
Melee: Unarmed           |   102 |   145 ||   247
       Punch             |     1 |     2 ||     3
  Use: Potion            |       |     1 ||     1
 Stab: Sleeping          |     1 |       ||     1
  Eat: Chunk             |     2 |     8 ||    10
       Ration            |     1 |     2 ||     3
Armor: Robe              |    47 |    73 ||   120
Dodge: Dodged            |    66 |    90 ||   156

Vault maps used:
D:1:      lightli_iron_boxes
D:2:      grunt_temple_overflow_open, nicolae_qazlal_eye_of_the_storm,
          uniq_robin, uniq_terence
D:3:      trog_three_pillars_becter
D:4:      nicolae_overflow_quartered_altars, temple_green

Table legend:
 A = Turns spent in this place as a percentage of turns spent in the entire game.
 B = Non-inter-level travel turns spent in this place as a percentage of non-inter-level travel turns spent in the entire game.
 C = Inter-level travel turns spent in this place as a percentage of turns spent in this place.
 D = Turns resting spent in this place as a percentage of non-inter-level travel turns spent in this place.
 E = Turns spent auto-exploring this place as a percentage of non-inter-level travel turns spent in this place.
 F = Non-inter-level travel turns spent in this place divided by the number of levels of this place that you've seen.
                   A       B       C       D       E      F
               +-------+-------+-------+-------+-------+----------------------
         Total | 100.0 | 100.0 |   3.6 |   0.2 |  76.5 | 571.2
       Dungeon | 100.0 | 100.0 |   3.6 |   0.2 |  76.5 | 571.2
               +-------+-------+-------+-------+-------+----------------------

Table legend:
 A = Kills in this place as a percentage of kills in entire the game.
 B = Kills by you in this place as a percentage of kills by you in the entire game.
 C = Kills by friends in this place as a percentage of kills by friends in the entire game.
 D = Other kills in this place as a percentage of other kills in the entire game.
 E = Experience gained in this place as a percentage of experience gained in the entire game.
 F = Experience gained in this place divided by the number of levels of this place that you have seen.
                   A       B       C       D       E      F
               +-------+-------+-------+-------+-------+----------------------
         Total | 100.0 | 100.0 |   N/A |   N/A | 100.0 | 152.2
       Dungeon | 100.0 | 100.0 |   N/A |   N/A | 100.0 | 152.2
               +-------+-------+-------+-------+-------+----------------------
